Map: Alcyone LE

Players

A.I. 1 (Very Easy)

  • Race: Protoss Protoss
  • Spawn Location: 1:00

saixy - Winner!

  • Race: Terran Terran
  • Spawn Location: 7:00

VOD

Have the link to the VOD?

Description

Time

  • Played on: Nov. 9, 2023, 5:12 a.m.
  • Length: 10:27
Show
View Real Time Build Order
Export as new Build Order

A.I. 1 (Very Easy) Protoss 

Build Orders: 1 Gate Expand, Nexus First 

Get SALT Encoding   

  12  0:00  Probe  
  13  0:13  Probe  
  14  0:19  Pylon  
  14  0:42  Gateway  
  14  1:01  Nexus  
  14  1:18  Pylon  
  14  1:20  Zealot  
  14  1:22  Assimilator  
  16  1:35  Cybernetics Core  
  16  1:37  Probe  
  17  1:49  Probe  
  18  1:57  Assimilator  
  18  1:59  Probe  
  18  2:07  Probe  
  19  2:13  Probe, Stalker  
  19  2:14  Warp Gate  
  22  2:21  Probe  
  23  2:26  Probe  
  25  2:37  Probe  
  26  2:44  Probe  
  26  2:46  Pylon  
  27  2:52  Probe  
  28  2:59  Probe  
  28  3:05  Probe  
  29  3:08  Robotics Facility  
  30  3:16  Probe  
  30  3:19  Probe  
  31  3:20  Zealot  
  34  3:31  Probe  
  35  3:38  Probe  
  34  3:44  Assimilator  
  34  3:45  Probe  
  33  3:52  Probe  
  32  3:56  Observer  
  32  4:00  Probe  
  29  4:05  Probe  
  25  4:10  Assimilator  
  25  4:15  Probe  
  25  4:18  Observer, Probe  
  27  4:27  Zealot  
  27  4:30  Probe  
  30  4:37  Probe  
  31  4:44  Probe  
  32  4:51  Probe  
  33  4:58  Probe  
  34  5:05  Probe  
  35  5:10  Probe  
  36  5:17  Probe  
  37  5:23  Probe  
  38  5:30  Probe  
  38  5:34  Sentry  
  41  5:41  Probe  
  42  5:48  Probe  
  43  5:56  Probe  
  44  6:03  Probe  
  45  6:07  Pylon  
  45  6:10  Probe  
  46  6:16  Observer  
  46  6:17  Probe  
  47  6:20  Probe  
  48  6:42  Stalker  
  50  8:28  Probe  
  50  8:31  Pylon  
  50  8:36  Pylon  
  50  8:40  Sentry  
  46  8:49  Probe  
  39  8:56  Probe  
  34  9:03  Probe  
  34  9:09  Stalker  
  29  9:10  Probe  
  29  9:17  Probe  
  27  9:25  Probe  
  28  9:32  Probe  
  28  9:38  Zealot, Probe  
  29  9:46  Probe  
  29  9:57  Probe  
  28  10:04  Probe  
  28  10:06  Stalker  
  11  10:16  Pylon  
  11  10:18  Robotics Bay  
Show
View Real Time Build Order
Export as new Build Order

saixy Terran - Winner!

Build Orders: Banshee Rush 

Get SALT Encoding   

  12  0:00  SCV  
  13  0:12  SCV  
  14  0:17  Supply Depot  
  14  0:24  SCV  
  15  0:39  SCV  
  15  0:42  Barracks  
  16  0:45  Refinery  
  16  0:51  SCV  
  17  1:03  SCV  
  18  1:15  SCV  
  19  1:28  Barracks Reactor  
  19  1:29  Orbital Command  
  19  1:40  Command Center  
  19  1:51  Supply Depot  
  19  1:54  SCV  
  20  2:05  Factory  
  20  2:06  Marine x2  
  22  2:10  SCV  
  23  2:22  SCV  
  23  2:24  Marine x2  
  23  2:26  Refinery  
  26  2:35  SCV  
  27  2:42  Marine x2  
  29  2:47  SCV  
  30  2:52  Starport  
  30  2:55  Orbital Command  
  30  2:59  SCV  
  31  3:07  Hellion  
  31  3:08  Hellion, Barracks Tech Lab  
  35  3:15  SCV  
  36  3:21  SCV  
  36  3:22  Supply Depot  
  37  3:27  SCV  
  37  3:33  SCV  
  39  3:35  Cloaking Field  
  37  3:41  Factory Tech Lab  
  37  3:44  Marine x2  
  37  3:45  Banshee  
  37  3:47  Supply Depot, SCV x2  
  43  3:54  Bunker  
  40  4:14  Marine x2  
  40  4:15  Siege Tank, SCV x2  
  45  4:19  Command Center  
  43  4:27  Banshee, SCV  
  43  4:28  SCV  
  48  4:36  Marine x2  
  50  4:39  SCV  
  50  4:40  SCV  
  52  4:47  Siege Tank  
  52  4:52  SCV x2  
  57  4:54  Marine x2  
  59  5:02  Barracks  
  59  5:03  Barracks, Supply Depot  
  59  5:04  SCV x2  
  61  5:12  Marine  
  62  5:21  Starport Reactor  
  62  5:22  Refinery  
  62  5:23  Refinery  
  62  5:24  Siege Tank, SCV x2, Marine  
  68  5:30  Marine  
  68  5:31  Engineering Bay  
  68  5:32  Engineering Bay  
  68  5:35  Orbital Command  
  69  5:37  SCV x2  
  69  5:42  Marine  
  72  5:48  Marine  
  72  5:49  SCV x2  
  75  6:00  SCV  
  75  6:01  SCV x2, Medivac x2  
  75  6:03  Factory Reactor  
  75  6:04  Marine x2  
  83  6:05  Stimpack, Marine  
  83  6:10  Supply Depot  
  85  6:12  Orbital Command  
  85  6:28  Terran Infantry Weapons Level 1  
  85  6:29  Terran Infantry Armor Level 1  
  85  6:30  Barracks x2  
  85  6:32  Marauder x2, SCV, Marine x2  
  92  6:35  Combat Shield  
  92  6:39  SCV  
  93  6:46  Supply Depot  
  93  6:49  Supply Depot  
  93  7:00  Supply Depot  
  93  7:02  Armory  
  93  7:07  Marauder x2, SCV x2, Marine x2  
  101  7:10  SCV  
  101  7:11  Supply Depot  
  101  7:12  Supply Depot  
  102  7:16  Bunker, Supply Depot  
  102  7:18  Barracks Reactor  
  102  7:19  Barracks Tech Lab, SCV x2  
  104  7:23  Missile Turret, SCV  
  104  7:25  Missile Turret  
  104  7:29  Marauder x2  
  109  7:31  SCV x2  
  109  7:32  Widow Mine  
  109  7:33  Widow Mine  
  109  7:36  SCV  
  116  7:39  Marauder  
  116  7:40  Concussive Shells  
  116  7:42  Medivac x2  
  116  7:43  SCV  
  123  7:46  Supply Depot x2  
  123  7:50  Refinery x2  
  123  7:54  Marine x2  
  123  7:55  Marine, Ghost Academy  
  123  7:58  Marauder  
  128  8:08  Marauder x2  
  132  8:15  Medivac  
  132  8:18  Medivac  
  132  8:19  Marauder, Marine x3  
  141  8:25  Personal Cloaking  
  141  8:29  Marine x2  
  145  8:37  Marine x2  
  145  8:38  Command Center  
  149  8:45  Marine  
  149  8:47  Marine  
  153  8:55  Supply Depot, Marine x2  
  155  8:57  Supply Depot  
  155  8:58  Unknown, Supply Depot  
  155  8:59  Supply Depot  
  155  9:04  Marauder  
  155  9:09  Unknown, Marauder  
  159  9:12  Medivac x2  
  159  9:15  Unknown  
  163  9:18  Barracks  
  163  9:19  Barracks  
  163  9:20  Barracks  
  160  9:27  Marauder x2  
  164  9:37  Marauder  
  166  9:42  Marine x2  
  168  9:49  Marauder x2  
  172  9:52  Medivac  
  172  9:53  Medivac  
  172  9:58  Marauder  
  178  10:00  Marine x2  
  178  10:03  Marine x2  
  178  10:04  Widow Mine x2  
  186  10:13  Barracks Tech Lab  
  190  10:14  Barracks Tech Lab  
  190  10:15  Barracks Tech Lab  
  192  10:24  Command Center  
Tags
 
Add a new tag
Caveats
  • Supply blocks, unpowered buildings, or Contaminate may cause inaccurate times.
  • Supply counts are checked every 10 seconds.